 Dungeon Crawl Stone Soup version 0.20.1-1-g8b1a95d (webtiles) character file.

40 jmlagarto the Charmwright (level 3, -1/27 HPs)
             Began as a Vampire Skald on Sept 8, 2017.
             Slain by Jessica (2 damage)
             ... on level 2 of the Dungeon.
             The game lasted 00:07:43 (1328 turns).

jmlagarto the Charmwright (Vampire Skald)           Turns: 1328, Time: 00:07:44

Health: -1/27      AC:  3    Str: 11    XL:     3   Next: 30%
Magic:  10/15      EV: 12    Int: 15    God:
Gold:   63         SH:  0    Dex: 13    Spells: 1/6 levels left

rFire    + . .     SeeInvis +   a - +0 hand axe
rCold    . . .     Gourm    .   (no shield)
rNeg     + . .     Faith    .   b - +0 leather armour
rPois    .         Spirit   .   (no helmet)
rElec    .         Reflect  .   (no cloak)
rCorr    .         Harm     .   (no gloves)
MR       .....                  (no boots)
Stlth    +.........             (no amulet)
Regen    0.1/turn               g - ring of protection from fire
MPRegen  0.2/turn               j - ring of magical power

@: shrouded, infused (expiring), singing
A: fangs 3, see invisible, unbreathing
a: Bat Form


You were on level 2 of the Dungeon.
You were not thirsty.

You visited 1 branch of the dungeon, and saw 2 of its levels.

You collected 63 gold pieces.

Inventory:

Hand Weapons
 a - a +0 hand axe (weapon)
Armour
 b - a +0 leather armour (worn)
Jewellery
 g - a ring of protection from fire (left hand)
 j - a ring of magical power (right hand)
Scrolls
 e - a scroll of identify {unknown}
 i - a scroll of blinking {unknown}
 k - a scroll of amnesia {unknown}
 m - a scroll of enchant armour {unknown}
Potions
 d - 12 potions of blood
 f - a potion of heal wounds {unknown}
 h - a potion of curing {unknown}
 l - a potion of cancellation {unknown}
Books
 c - a book of Battle

   Spells                             Type                      Level
   a - Infusion                       Charms                       1
   b - Shroud of Golubria             Charms/Translocation         2
   c - Song of Slaying                Charms                       2
   d - Spectral Weapon                Hexes/Charms                 3
   e - Regeneration                   Charms/Necromancy            3


   Skills:
 + Level 2.0 Fighting
 + Level 2.4 Axes
 + Level 0.8 Armour
 + Level 2.6 Dodging
 + Level 0.4 Stealth
 + Level 2.0 Spellcasting
 + Level 3.7 Charms


You had one spell level left.
You knew the following spells:

 Your Spells              Type           Power        Failure   Level  Hunger
a - Infusion              Chrm           ##..         6%          1    #......
b - Song of Slaying       Chrm           ##......     10%         2    ###....
c - Shroud of Golubria    Chrm/Tloc      #.........   21%         2    ###....


Dungeon Overview and Level Annotations

Branches:
Dungeon (2/15)

Altars:

Annotations:
D:2 Jessica


Innate Abilities, Weirdness & Mutations

You have razor-sharp teeth.
You have supernaturally acute eyesight. (SInv)
You can survive without breathing.


Message History

Pain shoots through your body!
* * * LOW HITPOINT WARNING * * *
Jessica completely misses you.
You barely miss Jessica.
Jessica is moderately wounded.
Your magical infusion is running out.
Jessica closely misses you.
Casting: Song of Slaying
Confirm with . or Enter, or press ? or * to list all spells.
Space distorts slightly along a thin shroud covering your body.
Jessica points at you and mumbles some strange words.
Pain shoots through your body!
* * * LOW HITPOINT WARNING * * *
Jessica mumbles something strange.
Jessica barely misses you.
Unknown command.
You completely miss Jessica.
Jessica is moderately wounded.
Jessica hits you.
You die...

#.# #. ####.#####.
#.........>
##.#.###### ####
#.#.# ..# #.#.# #.#
#.#.#
###+#+##.#####.#.#
#.....@@.........#
#......#..####.###
#......##.# #.#
#......##.# #.#
#......##.# #.#
###+#####'## #.#
#........###.########
#........'..........#
##.......###.######.#


You could see Jessica.

Vanquished Creatures
  A leopard gecko (D:2)
  2 giant cockroaches
  7 goblins (D:1)
  5 hobgoblins
  5 jackals (D:1)
  4 kobolds (D:1)
  A quokka (D:2)
  3 bats
  A frilled lizard (D:2)
  4 rats
33 creatures vanquished.

Notes
Turn   | Place    | Note
-------+----------+-------------------------------------------
     0 | D:1      | jmlagarto the Vampire Skald began the quest for the Orb.
     0 | D:1      | Reached XP level 1. HP: 16/16 MP: 3/3
   114 | D:1      | Reached XP level 2. HP: 16/22 MP: 0/5
   621 | D:1      | Learned a level 2 spell: Song of Slaying
   624 | D:1      | Learned a level 2 spell: Shroud of Golubria
   698 | D:1      | Reached XP level 3. HP: 27/27 MP: 6/6
  1315 | D:2      | Noticed Jessica
  1327 | D:2      | HP: 1/27 [Jessica/nerve-wracking pain (6)]
  1328 | D:2      | Slain by Jessica

Skill      XL: |  1  2  3 |
---------------+----------+-----
Axes           | 2 |  2.4
Fighting       | 2 |  2.0
Armour         | |  0.8
Dodging        | |  2.6
Stealth        | |  0.4
Spellcasting   | |  2.0
Charms         | |  3.7

Action                   || total
-------------------------++-------
Melee: Hand axe          ||   101
       Bite              ||     6
 Cast: Infusion          ||     5
       Shroud of Golubri ||     1
       Song of Slaying   ||     1
  Use: Potion            ||     1
Armor: Leather armour    ||    26
Dodge: Dodged            ||    85
